AoeStats
← Durandal

Fortress

510068727Analyzed
4v4 RM · 3d ago on Sep 29, 2026· 10m 4s· 8 players
Game mode
Random Map
Map size
Huge
Population
200
Speed
Normal
Resources
Standard
Victory
Conquest
Starting age
Dark Age
Ending age
Imperial Age
RankedLock teamsTeams togetherTeam positionsShared explorationLock speedFull tech treeHidden civsTurbo modeCheats
Victory
Defeat
🇨🇿 Britons · Czechia
1118
+15
🇪🇸 Bohemians · Spain
1070
+17
🇧🇩 Danes · Bangladesh
1036
+19
🇨🇿 Italians · Czechia
977
+21
🇨🇳 Aztecs · China
1239
-24
🇨🇳 Koreans · China
1073
-17
🇨🇳 Bohemians · China
1069
-17
🇨🇳 Khmer · China
1004
-14
Alex Auditore Mercer
6:59 Feudal Age
11:07 Castle Age
9:21 Double-Bit Axe
tugou
Julius Caesar
5:24 Loom
7:50 Feudal Age
8:38 Double-Bit Axe
8:37 Horse Collar
Durandal
8:19 Feudal Age
9:28 Double-Bit Axe
pyjalal
8:51 Feudal Age
9:26 Horse Collar
9:33 Double-Bit Axe
FallAutumn7731
9:13 Feudal Age
Darchness
1:54 Loom
7:53 Feudal Age
8:36 Double-Bit Axe
8:37 Horse Collar
Plundr dobrej koláč
7:28 Feudal Age
8:52 Double-Bit Axe
Connection lost

Rejoining the realm…

Still unreachable

The connection could not be restored.

Session expired

The server has moved on; the page needs a fresh start.